 Dungeon Crawl Stone Soup version 0.16.2-12-gd0ad4c3 (webtiles) character file.

30 dearth the Sneak (level 3, -3/20 HPs)
             Began as a Kobold Enchanter on Oct 8, 2015.
             Slain by a gnoll
             ... wielding a +0 whip
              (6 damage)
             ... on level 1 of the Dungeon.
             The game lasted 00:04:28 (1163 turns).

dearth the Sneak (Kobold Enchanter)                 Turns: 1163, Time: 00:04:29

Health: -3/20      AC:  6    Str:  6    XL:     3   Next: 37%
Magic:  0/6        EV: 16    Int: 13    God:
Gold:   76         SH:  0    Dex: 17    Spells: 3 memorised, 2 levels left

rFire  . . .     SeeInvis .     j - +1 dagger (flame)
rCold  . . .     Clarity  .     b - +1 robe
rNeg   . . .     SustAb   .     (no shield)
rPois  .         Gourm    .     (no helmet)
rElec  .         Spirit   .     f - +2 cloak
rCorr  .         Warding  .     (no gloves)
rMut   .         Stasis   .     (no boots)
MR     .....                    (no amulet)
Stlth  +++.......               (no ring)
                                (no ring)

@: very slightly contaminated, not resistant to hostile enchantments, fairly
stealthy
A: carnivore 3
a: no special abilities


You were on level 1 of the Dungeon.
You were full.

You visited 1 branch of the dungeon, and saw 2 of its levels.

You collected 76 gold pieces.

Inventory:

Hand weapons
 j - a +1 dagger of flaming (weapon)
Missiles
 k - 17 poisoned needles (quivered)
Armour
 b - a +1 robe (worn)
 f - a +2 cloak (worn)
Jewellery
 h - an uncursed ring of see invisible {unknown}
Scrolls
 a - a scroll of enchant weapon {unknown}
 m - a scroll of random uselessness {unknown}
 n - a scroll of recharging {unknown}
 o - a scroll of identify {unknown}
Potions
 e - a potion of heal wounds {unknown}
 g - a potion of restore abilities {unknown}
 l - a potion of magic {unknown}
 p - a potion of curing {unknown}
Books
 c - a book of Maledictions

   Spells                             Type                      Level
   a - Corona                         Hexes                        1
   b - Sure Blade                     Hexes/Charms                 2
   c - Ensorcelled Hibernation        Hexes/Ice                    2
   d - Confuse                        Hexes                        3
   e - Dazzling Spray                 Conjuration/Hexes            3
   f - Enslavement                    Hexes                        4
Comestibles
 d - 2 meat rations
 i - a beef jerky


   Skills:
 + Level 0.7 Fighting
 + Level 1.5 Short Blades
 + Level 1.3 Throwing
 + Level 2.9 Dodging
 + Level 4.1 Stealth
 + Level 2.5 Spellcasting
 + Level 3.0 Hexes


You had 2 spell levels left.
You knew the following spells:

 Your Spells              Type           Power        Failure   Level  Hunger
a - Corona                Hex            #......      10%         1    #......
b - Ensorcelled Hibernat  Hex/Ice        #.....       21%         2    ###....
c - Sure Blade            Hex/Chrm       #.........   21%         2    ###....


Dungeon Overview and Level Annotations

Branches:
Dungeon (2/15)

Altars:
Sif Muna


Innate Abilities, Weirdness & Mutations

You are small and have problems with some larger weapons.
You are carnivorous and can eat meat at any time.


Message History

Aiming: Ensorcelled Hibernation
Press: ? - help, Shift-Dir - straight line, f - gnoll
Aim: a gnoll, wielding a whip (chance 46%)
The gnoll resists with some effort.
The gnoll hits you with a whip.
* * * LOW HITPOINT WARNING * * *
Casting: Ensorcelled Hibernation
Confirm with . or Enter, or press ? or * to list all spells.
Aiming: Ensorcelled Hibernation
Press: ? - help, Shift-Dir - straight line, f/p - gnoll
Aim: a gnoll, wielding a whip (chance 46%)
You miscast Ensorcelled Hibernation.
You are very lightly contaminated with residual magic.
A chill runs through your body. The gnoll hits you but does no damage.
Casting: Ensorcelled Hibernation
Confirm with . or Enter, or press ? or * to list all spells.
Aiming: Ensorcelled Hibernation
Press: ? - help, Shift-Dir - straight line, f/p - gnoll
Aim: a gnoll, wielding a whip (chance 46%)
The gnoll resists with some effort.
The gnoll hits you with a whip.
You die...

....#..#># ##....... .......#_#
############)†.... .......#§#
#.......##...##### .......#§#
#####..........#.(# #
....(###'###.##.........####.# #
.....'....##.)#.........# #.## #
###..'....###....(......# #..###
#..'...<# ##..........# ##..##
#..'....# ##.@.......######.##
#..###'## #..g...............
#....#≈# ##........######...
###....#≈# #........###......
#.#....#≈# ###(....##.......#
...#...#># ##...###.....##..
...#...##########).......#####..#
...##..####........#.....#####...
...)..................(..........


You could see a gnoll.

Vanquished Creatures
  2 giant geckos (D:1)
  A ball python (D:2)
  7 hobgoblins
  3 kobolds (D:1)
  A quokka (D:2)
  3 bats (D:1)
  2 goblins
  3 jackals (D:1)
  8 rats
30 creatures vanquished.

Notes
Turn   | Place    | Note
--------------------------------------------------------------
     0 | D:1      | dearth, the Kobold Enchanter, began the quest for the Orb.
     0 | D:1      | Reached XP level 1. HP: 10/10 MP: 3/3
    81 | D:1      | Found a deep blue altar of Sif Muna.
   163 | D:1      | Reached XP level 2. HP: 6/15 MP: 0/4
   405 | D:1      | Learned a level 2 spell: Ensorcelled Hibernation
   490 | D:1      | Reached skill level 1 in Throwing
   700 | D:1      | Reached XP level 3. HP: 18/20 MP: 6/6
   717 | D:1      | Learned a level 2 spell: Sure Blade
  1163 | D:1      | Slain by a gnoll

Action                   || total
-------------------------++-------
Melee: Dagger            ||    87
 Cast: Corona            ||     4
       Ensorcelled Hiber ||     2
 Stab: Sleeping          ||     4
       Distracted        ||     1
  Eat: Chunk             ||     7
